 Dungeon Crawl Stone Soup version 0.29-a0-515-g7c1fb6cc08 (webtiles) character file.

Game seed: 9021950372820732184

242 Bruhh the Caller (level 6, -4/52 (53) HPs)
             Began as an Ogre Summoner on May 30, 2022.
             Slain by a gnoll shaman
             ... wielding a +0 whip
              (10 damage)
             ... on level 3 of the Dungeon.
             The game lasted 00:04:33 (3977 turns).

Bruhh the Caller (Ogre Summoner)                    Turns: 3977, Time: 00:04:34

HP:   -4/52 (53)    AC:  4    Str: 13    XL:     6   Next: 9%
MP:   0/13          EV:  9    Int: 18    God:
Gold: 175           SH:  0    Dex:  9    Spells: 9/15 levels left

rFire   . . .      SeeInvis .   c - +0 dagger
rCold   . . .      Faith    .   (no shield)
rNeg    . . .      Spirit   .   a - +1 robe
rPois   .          Reflect  .   (helmet restricted)
rElec   .          Harm     .   (no cloak)
rCorr   .          Rampage  .   (gloves unavailable)
Will    .....                   (boots unavailable)
Stlth   +.........              (no amulet)
HPRegen 0.17/turn               (no ring)
MPRegen 0.13/turn               (no ring)

@: lit by a corona, glowing, lightly drained
A: large, unfitting armour, tough skin 1
a: no special abilities


You were on level 3 of the Dungeon.
You visited 1 branch of the dungeon, and saw 4 of its levels.

You collected 175 gold pieces.

Inventory:

Hand Weapons
 c - a +0 dagger (weapon)
Armour
 a - a +1 robe (worn)
Scrolls
 e - 2 scrolls of poison {unknown}
 f - 2 scrolls of enchant armour
 g - a scroll of enchant weapon {unknown}
 i - a scroll of teleportation {unknown}
 j - a scroll of silence {unknown}
 l - 2 scrolls of identify {unknown}
 n - a scroll of magic mapping {unknown}
 o - a scroll of blinking {unknown}
Potions
 b - a potion of magic
 d - a potion of cancellation {unknown}
 k - a potion of attraction {unknown}
 m - a potion of heal wounds {unknown}
 p - a potion of brilliance {unknown}


   Skills:
 - Level 1.7 Dodging
 - Level 1.4 Stealth
 + Level 5.1 Spellcasting
 + Level 5.2 Summonings


You had 9 spell levels left.
You knew the following spells:

 Your Spells              Type           Power      Damage    Failure   Level
a - Summon Small Mammal   Summ           92%        N/A       1%          1
b - Call Imp              Summ           23%        N/A       2%          2
c - Call Canine Familiar  Summ           23%        N/A       4%          3

Your spell library contained the following spells:

 Spells                   Type           Power      Damage    Failure   Level
 Summon Guardian Golem    Hex/Summ       14%        N/A       13%         3
 Summon Lightning Spire   Summ/Air       14%        N/A       41%         4
 Alistair's Intoxication  Tmut/Pois      2%         N/A       98%         5
 Borgnjor's Vile Clutch   Necr/Erth      2%         N/A       98%         5
 Eringya's Noxious Bog    Tmut/Pois      2%         N/A       100%        6


Dungeon Overview and Level Annotations

Branches:
Dungeon (4/15)
 Temple: D:4-7

Altars:
Gozag
Kikubaaqudgha
Okawaru
Ru
Trog
Vehumet

Shops:
D:2 (


Innate Abilities, Weirdness & Mutations

You are too large for most types of armour.
You have tough skin. (AC +1)


Message History

The gnoll shaman hits you with a +0 whip.
* * * LOW HITPOINT WARNING * * *
Your rat closely misses the gnoll shaman.
You hit the gnoll shaman but do no damage.
The gnoll shaman is severely wounded.
The gnoll shaman closely misses you.
Your rat bites the gnoll shaman but does no damage.
Unknown command.
It was a potion of curing.
You feel better.
The gnoll shaman hits your rat with a +0 whip!
Your rat dies!
Your rat's corpse disappears in a puff of smoke!
The gnoll shaman shouts!
You hit the gnoll shaman but do no damage.
The gnoll shaman is severely wounded.
The gnoll shaman hits you with a +0 whip.
* * * LOW HITPOINT WARNING * * *
Unknown command.
You feel better.
The gnoll shaman hits you with a +0 whip.
Casting: Summon Small Mammal (safe; 1% risk of failure)
Confirm with . or Enter, or press ? or * to list all spells.
The gnoll shaman hits you with a +0 whip.
You swap places.
The gnoll shaman hits you but does no damage.
Your rat bites the gnoll shaman.
The gnoll shaman attacks as you move away!
The gnoll shaman hits you with a +0 whip.
* * * LOW HITPOINT WARNING * * *
Your rat bites the gnoll shaman but does no damage.
You catch the helpless gnoll shaman completely off-guard!
You hit the gnoll shaman but do no damage.
The gnoll shaman is severely wounded.
The gnoll shaman hits you with a +0 whip!
* * * LOW HITPOINT WARNING * * *
Your rat bites the gnoll shaman but does no damage.
Unknown command.
You feel better.
The gnoll shaman hits you with a +0 whip!
You die...

#.##..........# #.#
#.##..........# #.#
#.##†.........# #.#
#.##.†........# #.#
#.##.#.########## #.#
...............>####.#
####.#.#######..r..#.#
.....#.# ##....g....######
######.# #..###@###......#
.......# ##.##.....##...#.#
#.####.###..#...#...#...#.#
#.# #.......#.<...<.#...#.#
#[###.......#..._...#..##.##
#..##...÷...#.#...#.#......#
................<.......####
..........#..#.....#....#
.............#######...##


You could see a gnoll shaman (ally target) and a friendly rat (summoned).

Vanquished Creatures
  An adder (D:2)
  A dart slug (D:3)
  4 bats
  2 endoplasms
  3 goblins
  5 hobgoblins
  3 kobolds
  A quokka (D:3)
  3 ball pythons
  A frilled lizard (D:1)
  5 rats
29 creatures vanquished.

Vanquished Creatures (collateral kills)
  Menkaure (D:4)
  Natasha (twice) (D:4)
  2 adders
  A bat (D:1)
  2 endoplasms
  A giant cockroach (D:2)
  2 goblins (D:4)
  3 hobgoblins
  3 kobolds
  2 quokkas
  3 ball pythons
  2 frilled lizards
  2 rats (D:3)
26 creatures vanquished.

Grand Total: 55 creatures vanquished

Notes
Turn   | Place    | Note
-------+----------+-------------------------------------------
     0 | D:1      | Bruhh the Ogre Summoner began the quest for the Orb.
     0 | D:1      | Reached XP level 1. HP: 16/16 MP: 3/3
   414 | D:1      | Reached XP level 2. HP: 11/24 MP: 2/5
   813 | D:1      | Learned a level 2 spell: Call Imp
  1507 | D:2      | Reached XP level 3. HP: 31/31 MP: 3/7
  2118 | D:2      | Found an opulent altar of Gozag.
  2342 | D:2      | Found Gesuid's Weapon Boutique.
  2581 | D:3      | Found a faded altar of an unknown god.
  2728 | D:3      | Reached XP level 4. HP: 39/39 MP: 6/9
  3110 | D:3      | Found a radiant altar of Vehumet.
  3117 | D:3      | Found a sacrificial altar of Ru.
  3125 | D:3      | Found a bloodstained altar of Trog.
  3125 | D:3      | Found an iron altar of Okawaru.
  3132 | D:3      | Found an ancient bone altar of Kikubaaqudgha.
  3584 | D:4      | Learned a level 3 spell: Call Canine Familiar
  3601 | D:4      | Noticed Natasha
  3606 | D:4      | Killed Natasha
  3686 | D:4      | Noticed Menkaure
  3687 | D:4      | Noticed Natasha
  3693 | D:4      | Killed Menkaure
  3694 | D:4      | Reached skill level 5 in Summonings
  3694 | D:4      | Reached XP level 5. HP: 42/45 MP: 3/12
  3696 | D:4      | Killed Natasha
  3697 | D:4      | Reached skill level 5 in Spellcasting
  3697 | D:4      | Reached XP level 6. HP: 49/53 MP: 4/13
  3976 | D:3      | HP: 1/52 [gnoll shaman/+0 whip (10)]
  3977 | D:3      | Slain by a gnoll shaman

Illustrated notes

Levels and vault maps discovered:
D:1:      eino_arrival_cavern_b, layout_basic, minmay_misc_feat_ornament
D:2:      layout_loops_ring, basic_altar, serial_shops, nicolae_shop_crystal
D:3:      layout_basic, nicolae_overflow_hallway_of_the_gods,
          nicolae_ecumenical_pavilion
D:4:      layout_layer_cave, uniq_crazy_yiuf_cottage, uniq_menkaure,
          uniq_sigmund, uniq_natasha

Skill      XL: |  1  2  3  4  5 |
---------------+----------------+-----
Spellcasting   | 3 4 5 |  5.1
Summonings     | 4 5 |  5.2
Dodging        | |  1.7
Stealth        | |  1.4

Action                   |  1- 3 |  4- 6 || total
-------------------------+-------+-------++-------
Melee: Dagger            |   147 |    80 ||   227
       Unarmed           |     2 |       ||     2
 Cast: Summon Small Mamm |    51 |    26 ||    77
       Call Imp          |     3 |     7 ||    10
       Call Canine Famil |       |     5 ||     5
  Use: Potion            |       |     3 ||     3
       Scroll            |       |     1 ||     1
 Stab: Distracted        |     1 |     1 ||     2
Armor: Robe              |    50 |    30 ||    80
Dodge: Dodged            |    86 |    43 ||   129

Table legend: (Time is in decaauts)
 A = Elapsed time spent in this place.
 B = Non-inter-level travel time spent in this place.
 C = Inter-level travel time spent in this place.
 D = Time resting spent in this place.
 E = Time spent auto-exploring this place.
 F = Levels seen in this place.
 G = Mean time per level.
                   A        B        C        D        E       F      G
               +--------+--------+--------+--------+--------+-----+--------+
         Total |   3979 |   3866 |    113 |      0 |   3235 |   4 |  994.8 |
       Dungeon |   3979 |   3866 |    113 |      0 |   3235 |   4 |  994.8 |
               +--------+--------+--------+--------+--------+-----+--------+

Top non-repeatable levels by time:
     D:1: 1490 daAuts
     D:2: 1092 daAuts
     D:3: 1002 daAuts
     D:4: 393 daAuts
